 Dungeon Crawl Stone Soup version 0.30-a0-170-g85af917532 (webtiles) character file.

Game seed: 6347176990789148857

235 qw the Chopper (level 6, -5/38 HPs)
             Began as a Gargoyle Fighter on Sept 30, 2022.
             Slain by Eustachio
             ... wielding a +0 falchion
              (6 damage)
             ... on level 4 of the Dungeon.
             The game lasted 00:00:58 (2807 turns).

qw the Chopper (Gargoyle Fighter)                   Turns: 2807, Time: 00:00:59

Health: -5/38      AC: 11    Str: 21    XL:     6   Next: 5%
Magic:  6/6        EV:  9    Int:  9    God:
Gold:   102        SH:  4    Dex:  9    Spells: 5/5 levels left

rFire   . . .      SeeInvis +    k - +0 war axe (chaos)
rCold   . . .      Faith    .    c - +0 buckler
rNeg    + . .      Spirit   .    b - +0 scale mail
rPois   inf        Reflect  .    (no helmet)
rElec   +          Harm     .    (no cloak)
rCorr   .          Rampage  .    (no gloves)
Will    .....                    (no boots)
Stlth   ..........               (no amulet)
HPRegen 0.12/turn                h - +4 ring of slaying {mikee}
MPRegen 0.10/turn                r - ring of see invisible

@: about to teleport
A: sickness immunity, AC +4, negative energy resistance 1, electricity
resistance, torment resistance 1, petrification resistance
a: no special abilities


You were on level 4 of the Dungeon.
You visited 1 branch of the dungeon, and saw 4 of its levels.

You collected 102 gold pieces.


Innate Abilities, Weirdness & Mutations

You are immune to sickness and miasma.
Your stone body is resilient. (AC +4)
You are immune to poison.
You resist negative energy. (rN+)
You are resistant to electric shocks. (rElec)
You are resistant to unholy torment.
You are immune to petrification.


   Skills:
 - Level 4.0 Fighting
 + Level 5.0 Axes
 - Level 3.2 Armour
 - Level 1.0 Dodging
 - Level 3.2 Shields


You had 5 spell levels left.
You didn't know any spells.
Your spell library was empty.

Inventory:

Hand Weapons
 e - a +0 club
 k - a +0 war axe of chaos (weapon)
Missiles
 o - 2 boomerangs (quivered)
Armour
 b - a +0 scale mail (worn)
 c - a +0 buckler (worn)
Jewellery
 h - a +4 ring of slaying (left hand) {mikee}
 r - a ring of see invisible (right hand)
 Y - a ring of willpower
Scrolls
 p - a scroll of identify
Potions
 d - a potion of might
 g - a potion of magic {unknown}
 i - a potion of brilliance {unknown}
 j - a potion of berserk rage {unknown}
 l - a potion of lignification {unknown}
 m - a potion of haste {unknown}
 n - a potion of curing {unknown}
 q - a potion of cancellation {unknown}

Dungeon Overview and Level Annotations

Branches:
Dungeon (4/15)
 Temple: D:4-7

Altars:

Shops:
D:2 [

Annotations:
D:4 Eustachio


Message History

The bat closely misses you.
You slash the shadow imp!
You kill the shadow imp!
You closely miss the river rat. You slash the bat! You burn the bat.
You kill the bat!
The bat's corpse disappears in a puff of smoke!
You hit the river rat but do no damage.
The river rat is poisoned.
The iron imp puffs mist at you.
The river rat bites you but does no damage.
The river rat bites you.
Your Dodging skill increases to level 1!
You miss Eustachio.
Eustachio is heavily wounded.
You closely miss the river rat. You slash the iron imp! You hit the river rat.
Eustachio mumbles some strange words.
Eustachio blinks!
The river rat bites you. x2
The iron imp completely misses you.
The river rat twitches its whiskers.
The river rat misses you. You block the river rat's attack.
You hit the iron imp.
The iron imp is almost dead.
You closely miss the river rat. You hit the iron imp. You slash the river rat!
You kill the river rat!
The river rat's corpse disappears in a puff of smoke!
You slash the kobold! You burn the kobold.
You kill the kobold!
The river rat barely misses you. You block the iron imp's attack.
The iron imp hits you!
2806 ||| READING scroll of teleportation.
As you read the scroll of teleportation, it crumbles to dust.
You feel strangely unstable. Eustachio hits you but does no damage.
The river rat barely misses you. The iron imp hits you.
You hit the iron imp.
You kill the iron imp!
The iron imp disappears in a puff of smoke!
You closely miss the river rat. You hit the iron imp. You hit Eustachio.
The iron imp hits you but does no damage.
Eustachio hits you with a +0 falchion.
You die...

## #.####
#####....##
7~........## .
~~~........###..
~~~P............
~~~....<........
~~~.....@5..#...
.~.....¤r@.##
..............
..........###...
.#........# ..
#....##... .
..... .....
#.... .###.


You could see Eustachio (invisible), an iron imp (summoned) and a river rat
(summoned).

Vanquished Creatures
  Jessica (D:2)
  Natasha (twice) (D:2)
  An orc wizard (D:3)
  3 adders
  2 shadow imps (D:4)
  2 worms
  3 dart slugs
  4 orcs (D:3)
  3 ball pythons
  9 endoplasms
  4 giant cockroaches
  10 goblins
  8 hobgoblins
  3 quokkas
  9 bats
  2 frilled lizards (D:1)
  3 kobolds
  4 rats
73 creatures vanquished.

Vanquished Creatures (others)
  6 plants (D:1)
6 creatures vanquished.

Grand Total: 79 creatures vanquished

Notes
Turn   | Place    | Note
-------+----------+-------------------------------------------
     0 | D:1      | qw the Gargoyle Fighter began the quest for the Orb.
     0 | D:1      | Reached XP level 1. HP: 14/14 MP: 1/1
     0 | D:1      | 0 ||| qw: Version: 0.2-a-12-gaebbb33
     0 | D:1      | 0 ||| qw: Game counter: 1530
     0 | D:1      | 0 ||| qw: Always use a shield: true
     0 | D:1      | 0 ||| qw: God list: Okawaru
     0 | D:1      | 0 ||| qw: Allow faded altars: false
     0 | D:1      | 0 ||| qw: Do Orc after D:15 true
     0 | D:1      | 0 ||| qw: Do second Lair branch before Depths: true
     0 | D:1      | 0 ||| qw: Lair rune preference: random
     0 | D:1      | 0 ||| qw: Plans: Normal, Zot:1-4, God:TSO, Crypt, Tomb,
                  | Pan, Slime:5, Hells, Abyss, Orb
     0 | D:1      | 0 ||| PLANNING D:1-11
    24 | D:1      | Reached skill level 2 in Axes
   186 | D:1      | 186 ||| Stepping ~*~*~tactically~*~*~ (stealth).
   189 | D:1      | 189 ||| Stepping ~*~*~tactically~*~*~ (stealth).
   190 | D:1      | 190 ||| Stepping ~*~*~tactically~*~*~ (stealth).
   195 | D:1      | 195 ||| Stepping ~*~*~tactically~*~*~ (stealth).
   198 | D:1      | 198 ||| Stepping ~*~*~tactically~*~*~ (stealth).
   199 | D:1      | 199 ||| Stepping ~*~*~tactically~*~*~ (stealth).
   204 | D:1      | Reached XP level 2. HP: 18/19 MP: 2/2
   214 | D:1      | 214 ||| Stepping ~*~*~tactically~*~*~ (stealth).
   246 | D:1      | 246 ||| Stepping ~*~*~tactically~*~*~ (hiding).
   247 | D:1      | 247 ||| Stepping ~*~*~tactically~*~*~ (hiding).
   322 | D:1      | Reached skill level 3 in Axes
   529 | D:1      | Reached XP level 3. HP: 23/23 MP: 3/3
   757 | D:1      | 757 ||| Stepping ~*~*~tactically~*~*~ (stealth).
   759 | D:1      | 759 ||| Stepping ~*~*~tactically~*~*~ (stealth).
   777 | D:1      | 777 ||| Stepping ~*~*~tactically~*~*~ (stealth).
   838 | D:1      | 838 ||| Stepping ~*~*~tactically~*~*~ (stealth).
  1135 | D:1      | 1135 ||| UPGRADING to +4 ring of slaying {mikee}.
  1136 | D:1      | 1136 ||| READING scroll labelled WOSUEH UBISO.
  1177 | D:2      | 1177 ||| STAIRDANCE
  1185 | D:2      | 1185 ||| STAIRDANCE
  1399 | D:2      | Noticed Natasha
  1400 | D:2      | 1400 ||| Stepping ~*~*~tactically~*~*~ (hiding).
  1407 | D:2      | Killed Natasha
  1408 | D:2      | Reached skill level 4 in Axes
  1408 | D:2      | Reached XP level 4. HP: 25/28 MP: 4/4
  1470 | D:2      | Found Biugam's Armour Shoppe.
  1478 | D:2      | 1478 ||| SHOPLISTING +0 pair of gloves (45 gold, have 16).
  1478 | D:2      | 1478 ||| SHOPLISTING +1 cloak "Reozel" {Harm rElec Slay+2
                  | SInv} (361 gold, have 16).
  1478 | D:2      | 1478 ||| SHOPLISTING +1 leather armour of fire resistance
                  | (140 gold, have 16).
  1606 | D:2      | Noticed Natasha
  1612 | D:2      | Killed Natasha
  1613 | D:2      | Reached XP level 5. HP: 25/32 MP: 5/5
  1746 | D:2      | Noticed Jessica
  1747 | D:2      | 1747 ||| Stepping ~*~*~tactically~*~*~ (hiding).
  1754 | D:2      | Killed Jessica
  1755 | D:2      | Reached skill level 5 in Axes
  1781 | D:2      | You fall into a shaft and drop 1 floor!
  1849 | D:3      | 1849 ||| READING scroll of brand weapon.
  1849 | D:3      | 1849 ||| BRANDING +0 war axe of venom.
  1851 | D:3      | 1851 ||| Stepping ~*~*~tactically~*~*~ (stealth).
  1899 | D:3      | 1899 ||| Stepping ~*~*~tactically~*~*~ (stealth).
  1941 | D:3      | 1941 ||| Stepping ~*~*~tactically~*~*~ (stealth).
  2040 | D:3      | 2040 ||| READING 2 scrolls labelled HIAHENNUFI.
  2044 | D:3      | 2044 ||| READING scroll labelled POALEI HUMADUSH.
  2045 | D:3      | 2045 ||| READING scroll labelled AZURCH YR JIB.
  2046 | D:3      | 2046 ||| READING scroll labelled XUOSKU ACU ZIDOA.
  2049 | D:3      | 2049 ||| READING scroll labelled ITTEMIOFRA.
  2182 | D:3      | 2182 ||| FLEEEEING.
  2183 | D:3      | 2183 ||| STAIRDANCE
  2328 | D:2      | Found a faded altar of an unknown god.
  2385 | D:2      | 2385 ||| READING scroll labelled JIFITA EBRIFYXTE.
  2761 | D:3      | 2761 ||| UPGRADING to ring of willpower.
  2762 | D:3      | 2762 ||| UPGRADING to ring of see invisible.
  2764 | D:3      | 2764 ||| READING 2 scrolls of identify.
  2764 | D:3      | 2764 ||| IDENTIFYING glowing clear potion
  2765 | D:3      | 2765 ||| DROPPING potion of flight.
  2791 | D:4      | Noticed Eustachio
  2800 | D:4      | Reached XP level 6. HP: 21/38 MP: 6/6
  2804 | D:4      | Reached skill level 1 in Dodging
  2805 | D:4      | HP: 6/38 [iron imp[Eustachio] (8)]
  2806 | D:4      | 2806 ||| READING scroll of teleportation.
  2806 | D:4      | HP: 1/38 [iron imp[Eustachio] (5)]
  2807 | D:4      | Slain by Eustachio

Levels and vault maps discovered:
D:1:      dpeg_arrival_chambers_temple_mockup, layout_basic, chequers_big_river
D:2:      layout_rooms, serial_shops, shop,
          hellmonk_ecumenical_altar_crossroads, hex_large, uniq_natasha,
          uniq_jessica
D:3:      layout_loops_ring
D:4:      layout_cave_pools, serial_demonic, serial_demonic_g, serial_demonic_f,
          serial_demonic_f, serial_demonic_e, serial_demonic_c,
          serial_demonic_f, serial_demonic_c, serial_demonic_g, serial_shops,
          nicolae_shop_crystal, st_stairs_6, hangedman_decor_peaks_small,
          minmay_statues_item, uniq_blork_the_orc, uniq_eustachio

Skill      XL: |  1  2  3  4  5  6 |
---------------+-------------------+-----
Axes           | 2 3 4 5 |  5.0
Fighting       | 4 |  4.0
Dodging        | 1 |  1.0
Armour         | |  3.2
Shields        | |  3.2

Action                   |  1- 3 |  4- 6 || total
-------------------------+-------+-------++-------
Melee: War axe           |    61 |    67 ||   128
Throw: Boomerang         |       |    21 ||    21
  Use: Scroll            |     1 |     9 ||    10
Armor: Scale mail        |    27 |    27 ||    54
Dodge: Dodged            |    15 |    19 ||    34
Block: Buckler           |     6 |    15 ||    21

Table legend:
 A = Non-vault XP
 B = Vault XP
 C = Vault XP percentage of total XP
 D = Non-vault monster count
 E = Vault monster count
 F = Vault count percentage of total count
                 A         B        C        D         E       F
            +---------+---------+-------+---------+---------+-------
      Total |     241 |      95 |  28.3 |      69 |       4 |   5.5
            +---------+---------+-------+---------+---------+-------
        D:1 |      64 |       0 |   0.0 |      28 |       0 |   0.0
        D:2 |      98 |      72 |  42.4 |      20 |       2 |   9.1
        D:3 |      75 |       0 |   0.0 |      19 |       0 |   0.0
        D:4 |       4 |      23 |  85.2 |       2 |       2 |  50.0
            +---------+---------+-------+---------+---------+-------
